 Dungeon Sprint DCSS version 0.28-a0-1518-gbe868bca14 (webtiles) character file.

Game seed: 18107915222006984382

407 Edwards80 the Basher (level 6, -3/53 HPs)
             Began as a Minotaur Berserker on Jan 17, 2022.
             Was a High Priest of Trog.
             Slain by a vampire (7 damage)
             ... in the Dungeon (Sprint IX: "|||||||||||||||||||||||||||||").
             The game lasted 00:01:41 (146 turns).

Edwards80 the Basher (Minotaur Berserker)            Turns: 146, Time: 00:01:41

Health: -3/53      AC: 15    Str: 24    XL:     6   Next: 57%
Magic:  5/5        EV:  9    Int:  7    God:    Trog [*****.]
Gold:   0          SH:  0    Dex: 12    Spells: 5/5 levels left

rFire   . . .      SeeInvis .   k - +2 morningstar (vorpal)
rCold   . . .      Faith    .   (no shield)
rNeg    . . .      Spirit   .   n - +1 chain mail
rPois   .          Reflect  .   (helmet restricted)
rElec   .          Harm     .   l - +0 cloak
rCorr   .          Rampage  .   (no gloves)
Will    .....      NoTele   +   m - +0 pair of boots
Stlth   ..........              (no amulet)
HPRegen 0.17/turn               o - +3 ring of dexterity
MPRegen 0.09/turn               p - +3 ring of intelligence

@: no status effects
A: horns 2, retaliatory headbutt
a: Renounce Religion, Berserk, Trog's Hand, Brothers in Arms


You were in the Dungeon.
You worshipped Trog.
Trog was extremely pleased with you.
You visited 1 branch

Inventory:

Hand Weapons
 a - a +0 mace
 k - a +2 vorpal morningstar (weapon)
Armour
 l - a +0 cloak (worn)
 m - a +0 pair of boots (worn)
 n - a +1 chain mail (worn)
Jewellery
 o - a +3 ring of dexterity (left hand)
 p - a +3 ring of intelligence (right hand)
Wands
 j - a wand of iceblast (10)
Scrolls
 h - 2 scrolls of blinking
Potions
 c - 5 potions of curing
 d - a potion of invisibility
 e - a potion of haste
 f - 4 potions of magic
 g - a potion of berserk rage
 i - a potion of heal wounds


   Skills:
 - Level 4.3 Fighting
 - Level 14.0 Maces & Flails
 + Level 9.8 Armour
 - Level 3.1 Dodging


You had 5 spell levels left.
You didn't know any spells.
Your spell library was empty.

Dungeon Overview and Level Annotations

Branches:
Dungeon (1/1)

Altars:
Cheibriados
Dithmenos
Elyvilon
Fedhas
Gozag
Hepliaklqana
Kikubaaqudgha
Makhleb
Nemelex Xobeh
Okawaru
Qazlal
Ru
Sif Muna
Trog
Uskayaw
Vehumet
Wu Jian
Xom
Yredelemnul
Zin
The Shining One
Beogh
Jiyva
Lugonu


Innate Abilities, Weirdness & Mutations

You have a pair of horns on your head.
You reflexively headbutt those who attack you in melee.


Message History

You hit the ball python zombie. You headbutt the ball python zombie.
You destroy the ball python zombie!
Trog accepts your kill.
Trog will now gift you melee weapons as you gain piety.
Something hits you.
Deactivating autopickup; reactivate with Ctrl-A.
Something bites you but does no damage.
Items here: )) [[ †.
You closely miss something. Something hits you but does no damage.
Something bites you.
* * * LOW HITPOINT WARNING * * *
Something draws strength from your injuries!
You thump something! Something hits you!
* * * LOW HITPOINT WARNING * * *
Something completely misses you.
You barely miss something. You headbutt something.
You hear some strange, mumbled words.
You are confused.
You feel much better. Something hits you.
Something bites you but does no damage.
You miss something. Your headbutt misses something.
You bump into the unnaturally hard rock wall.
Something draws life force from you!
* * * LOW HITPOINT WARNING * * *
You bump into the unnaturally hard rock wall.
Something hits you but does no damage. Something bites you but does no damage.
You bump into the unnaturally hard rock wall.
Something hits you.
* * * LOW HITPOINT WARNING * * *
Something bites you but does no damage.
You miss something. Your headbutt misses something. Something hits you.
* * * LOW HITPOINT WARNING * * *
Something bites you.
* * * LOW HITPOINT WARNING * * *
Something draws strength from your injuries!
You feel less confused.
There is an open door to the Dungeon, spattered with blood here.
Items here: ) [[ †.
You miss something. Your headbutt misses something. Something hits you!
You die...

▓+▓
▓.▓
▓.▓
▓.▓
▓.▓
▓.▓
▓)▓
▓@▓
▓[▓
▓.▓
▓.▓
▓.▓
▓.▓
▓.▓
▓)▓
▓?▓


There were no monsters in sight!

Vanquished Creatures
  A troll (D)
  An orc warrior (D)
  A gnoll sergeant (D)
  An orc wizard (D)
  An adder (D)
  A shadow imp (D)
  2 adder skeletons (D)
  2 dart slugs (D)
  A giant cockroach (D)
  A ball python zombie (D)
  A bat (D)
  A frilled lizard (D)
  A giant cockroach zombie (D)
15 creatures vanquished.

Notes
Turn   | Place    | Note
-------+----------+-------------------------------------------
     0 | D        | Edwards80 the Minotaur Berserker began the quest for the
                  | Orb.
     0 | D        | Reached XP level 1. HP: 19/19 MP: 0/0
     6 | D        | Reached skill level 4 in Maces & Flails
     9 | D        | Reached ** piety under Trog
    16 | D        | Reached XP level 2. HP: 19/28 MP: 1/1
    23 | D        | Reached skill level 5 in Maces & Flails
    25 | D        | Reached *** piety under Trog
    26 | D        | Reached skill level 6 in Maces & Flails
    34 | D        | Reached XP level 3. HP: 31/34 MP: 2/2
    38 | D        | Reached skill level 7 in Maces & Flails
    46 | D        | Found a snail-covered altar of Cheibriados.
    46 | D        | Found a shadowy altar of Dithmenos.
    46 | D        | Found a white marble altar of Elyvilon.
    46 | D        | Found a blossoming altar of Fedhas.
    46 | D        | Found an opulent altar of Gozag.
    47 | D        | Found a hazy altar of Hepliaklqana.
    48 | D        | Found a viscous altar of Jiyva.
    49 | D        | Found an ancient bone altar of Kikubaaqudgha.
    50 | D        | Found a corrupted altar of Lugonu.
    51 | D        | Found a burning altar of Makhleb.
    52 | D        | Found a sparkling altar of Nemelex Xobeh.
    53 | D        | Found an iron altar of Okawaru.
    54 | D        | Found a stormy altar of Qazlal.
    55 | D        | Found a sacrificial altar of Ru.
    56 | D        | Found a shimmering blue altar of Sif Muna.
    57 | D        | Found a bloodstained altar of Trog.
    58 | D        | Found a hide-covered altar of Uskayaw.
    59 | D        | Found a radiant altar of Vehumet.
    60 | D        | Found an ornate altar of the Wu Jian Council.
    61 | D        | Found a shimmering altar of Xom.
    62 | D        | Found a basalt altar of Yredelemnul.
    63 | D        | Found a glowing silver altar of Zin.
    64 | D        | Found a glowing golden altar of the Shining One.
   116 | D        | Noticed a vampire
   116 | D        | Noticed a gnoll sergeant
   116 | D        | Noticed an orc warrior
   116 | D        | Noticed a troll
   120 | D        | Killed a troll
   120 | D        | Reached **** piety under Trog
   121 | D        | Reached skill level 13 in Maces & Flails
   121 | D        | Reached XP level 4. HP: 23/41 MP: 3/3
   121 | D        | Reached XP level 5. HP: 26/47 MP: 4/4
   122 | D        | Killed an orc warrior
   123 | D        | Reached skill level 14 in Maces & Flails
   123 | D        | Reached XP level 6. HP: 25/53 MP: 5/5
   134 | D        | Reached ***** piety under Trog
   146 | D        | Slain by a vampire

Illustrated notes

Levels and vault maps discovered:
D:        linesprint [early_d, line_temple, items_1, d_10, items_2, lair_1,
          lair_end, items_3, orc_1, orc_end, items_4, d_15, swamp_1, shoals_1,
          snake_1, spider_1, d_20, vaults_1, items_5, swamp_end, shoals_end,
          snake_end, spider_end, vaults_end, d_27, items_6, zot_1, zot_end,
          crypt_end, forest_end, elf_end, slime_end, tomb_end, abyss_end,
          pan_hell_end]

Skill      XL: |  1  2  3  4  5  6 |
---------------+-------------------+-----
Fighting       | 4 |  4.3
Maces & Flails | 4 6 13 14 | 14.0
Armour         | 3 7 9 |  9.8
Dodging        | 3 |  3.1

Action                   |  1- 3 |  4- 6 || total
-------------------------+-------+-------++-------
Melee: Mace              |    28 |       ||    28
       Headbutt          |     2 |     5 ||     7
       Morningstar       |     4 |    19 ||    23
  Use: Potion            |     1 |     1 ||     2
Armor: Animal skin       |     8 |       ||     8
       Chain mail        |     3 |    11 ||    14
Dodge: Dodged            |    21 |     3 ||    24

Table legend: (Time is in decaauts)
 A = Elapsed time spent in this place.
 B = Non-inter-level travel time spent in this place.
 C = Inter-level travel time spent in this place.
 D = Time resting spent in this place.
 E = Time spent auto-exploring this place.
 F = Levels seen in this place.
 G = Mean time per level.
                   A        B        C        D        E       F      G
               +--------+--------+--------+--------+--------+-----+--------+
         Total |    145 |    145 |      0 |      0 |      3 |   1 |  145.0 |
       Dungeon |    145 |    145 |      0 |      0 |      3 |   1 |  145.0 |
               +--------+--------+--------+--------+--------+-----+--------+

Top non-repeatable levels by time:
       D: 145 daAuts
